 Dungeon Crawl Stone Soup version 0.31-a0-846-gb3bcc0d938 (webtiles) character file.

Game seed: 17143622183085451314

18 Danienth the Grave Robber (level 2, -3/20 HPs)
             Began as a Ghoul Necromancer on Oct 3, 2023.
             Killed from afar by a dart slug (4 damage)
             ... with a slug dart
             ... on level 1 of the Dungeon.
             The game lasted 00:05:21 (638 turns).

Danienth the Grave Robber (Ghoul Necromancer)        Turns: 638, Time: 00:05:21

Health: -3/20      AC:  2    Str: 11    XL:     2   Next: 70%
Magic:  1/4        EV: 12    Int: 10    God:
Gold:   53         SH:  0    Dex:  9    Spells: 5/6 levels left

rFire   . . .        d - +0 club
rCold   + . .        (no shield)
rNeg    + + +        a - +0 robe
rPois   ∞            (no helmet)
rElec   .            (no cloak)
rCorr   .            (no gloves)
SInv    .            (no boots)
Will    .....        (no amulet)
Stlth   ++           (no ring)
HPRegen 0.00/turn    (no ring)
MPRegen 0.09/turn

%: no passive effects
@: inhibited regen
A: claws 1, cold resistance 1, negative energy resistance 3, inhibited
regeneration, torment resistance 2, devour on kill
a: no special abilities


You were on level 1 of the Dungeon.
You visited 1 branch of the dungeon, and saw 1 of its levels.

You collected 53 gold pieces.

Inventory:

Hand Weapons
 d - a +0 club (weapon)
Missiles
 e - 2 javelins
Armour
 a - a +0 robe (worn)
Scrolls
 b - a scroll of vulnerability {unknown}
 c - a scroll of revelation {unknown}
 f - a scroll of enchant armour {unknown}


   Skills:
 - Level 1.7 Dodging
 - Level 2.1 Stealth
 * Level 2.7 Spellcasting
 - Level 4.0 Necromancy


You had 5 spell levels left.
You knew the following spells:

 Your Spells              Type           Power      Damage    Failure   Level
a - Necrotise             Necr           36%        1d5       5%          1

Your spell library contained the following spells:

 Spells                   Type           Power      Damage    Failure   Level
 Vampiric Draining        Necr           9%         2d6       17%         3
 Animate Dead             Necr           9%         N/A       50%         4
 Agony                    Necr           9%         N/A       83%         5


Dungeon Overview and Level Annotations

Branches:
Dungeon (1/15)

Altars:

Shops:
D:1 [


Innate Abilities, Weirdness & Mutations

You are immune to poison.
You have sharp fingernails.
Your flesh is cold resistant. (rC+)
You are immune to negative energy. (rN+++)
You do not regenerate when monsters are visible.
You are immune to unholy pain and torment.
You thrive by killing the living.


Message History

The hobgoblin hits you. x2
* * * LOW HITPOINT WARNING * * *
Hit: d) +0 club
Press: ? - help, Dir - move target, f/p - hobgoblin
Aim: a hobgoblin (heavily wounded, about 46% to evade your +0 club)
You hit the hobgoblin but do no damage.
The hobgoblin is heavily wounded.
The hobgoblin hits you.
* * * LOW HITPOINT WARNING * * *
Hit: d) +0 club
Press: ? - help, Dir - move target, f/p - hobgoblin
Aim: a hobgoblin (heavily wounded, about 46% to evade your +0 club)
You hit the hobgoblin.
You kill the hobgoblin!
You feel better.
Hit: d) +0 club
Press: ? - help, Dir - move target, f - dart slug
Aim: a dart slug (about 7% to evade your +0 club)
You hit the dart slug.
The dart slug is moderately wounded.
The kobold hits you with a +0 club.
* * * LOW HITPOINT WARNING * * *
The dart slug closely misses you.
Hit: d) +0 club
Press: ? - help, Dir - move target, f/p - dart slug
Aim: a dart slug (moderately wounded, about 7% to evade your +0 club)
You hit the dart slug.
The dart slug is heavily wounded.
The kobold misses you. The dart slug bites you.
* * * LOW HITPOINT WARNING * * *
The kobold completely misses you.
Hit: d) +0 club
Press: ? - help, Dir - move target, f/p - dart slug
Aim: a dart slug (heavily wounded, about 7% to evade your +0 club)
You hit the dart slug.
The dart slug is heavily wounded.
The kobold barely misses you. The dart slug launches a dart at you.
The slug dart hits you.
You die...

..##..........†..P...P..###......
..##........#.###.....#.# #......
..##........#.#...#####.# #......
#############...### #.# #......
#..## #.# #...... ##.# #######
####'## #.....### #.....@w## .#
#.....#K.# .# #.....##.## #r###
########..# ....# ##.##....#
#..#K...# ##.#....# #....# ###..#


You could see a dart slug and a kobold.

Vanquished Creatures
  2 ball pythons (D:1)
  2 bats (D:1)
  2 endoplasms (D:1)
  A giant cockroach (D:1)
  A goblin (D:1)
  2 hobgoblins (D:1)
  3 jackals (D:1)
  A frilled lizard (D:1)
14 creatures vanquished.

Notes
Turn   | Place    | Note
-------+----------+-------------------------------------------
     0 | D:1      | Danienth the Ghoul Necromancer began the quest for the Orb.
     0 | D:1      | Reached XP level 1. HP: 14/14 MP: 2/2
    49 | D:1      | Found Raala's Armour Emporium.
   302 | D:1      | Reached XP level 2. HP: 9/20 MP: 0/4
   637 | D:1      | HP: 1/20 [dart slug (3)]
   638 | D:1      | Killed from afar by a dart slug

Illustrated notes

Levels and vault maps discovered:
D:1:      dpeg_arrival_orchard, layout_basic, serial_shops, shop

Skill      XL: |  1 |
---------------+----+-----
Spellcasting   | 2 |  2.7
Dodging        | |  1.7
Stealth        | |  2.1
Necromancy     | |  4.0

Action                     || total
---------------------------++-------
  Melee: Club              ||    20
   Cast: Necrotise         ||    27
    Use: Potion            ||     2
 Armour: Robe              ||    22
  Dodge: Dodged            ||    29

Table legend: (Time is in decaauts)
 A = Elapsed time spent in this place.
 B = Non-inter-level travel time spent in this place.
 C = Inter-level travel time spent in this place.
 D = Time resting spent in this place.
 E = Time spent auto-exploring this place.
 F = Levels seen in this place.
 G = Mean time per level.
                   A        B        C        D        E       F      G
               +--------+--------+--------+--------+--------+-----+--------+
         Total |    643 |    637 |      6 |    121 |    394 |   1 |  643.0 |
       Dungeon |    643 |    637 |      6 |    121 |    394 |   1 |  643.0 |
               +--------+--------+--------+--------+--------+-----+--------+

Top non-repeatable levels by time:
     D:1: 643 daAuts
